[Event "SixDays Budapest March GM-B 2023"]
[Site "Budapest"]
[Date "2023.03.25"]
[Round "3.3"]
[White "Moksh Amit Doshi"]
[Black "Tran, Thanh Tu"]
[Result "0-1"]
[ECO "A62"]
[WhiteElo "2388"]
[BlackElo "2402"]
[Annotator "TA"]
[PlyCount "122"]
[EventDate "2023.03.24"]
[EventType "tourn"]
[EventCountry "HUN"]
[SourceTitle "playchess.com"]
[Source "ChessBase"]
[SourceQuality "1"]
[TimeControl "5400+30"]

1. d4 e6 2. c4 c5 3. d5 exd5 4. cxd5 d6 5. Nc3 g6 6. Nf3 Bg7 7. g3 Nf6 8. Bg2 O-O 9. O-O Re8 10. Re1 Na6 {[%emt 0:03:40] A62: Modern Benoni: Fianchetto Variation without early ...Nbd7.} 11. h3 Bf5 {[%emt 0:12:20] [#]} 12. Nh4 $146 (12. Nd2 $1 $14) ({Predecessor:} 12. Nd2 Nb4 13. e4 Nd3 14. Re2 Bc8 15. Nc4 Nxc1 16. Qxc1 {½-½ Thiyasara,K (1857)-Thilakarathne,G (2143) SRI-ch Colombo 2017 (12)}) 12... Bd7 $11 {[%emt 0:01:29] The position is equal.} 13. a4 Nb4 (13... Qc8 $5 14. g4 Qd8 $15) 14. e4 c4 15. Be3 Nd3 16. Re2 Nh5 17. Qd2 Qa5 (17... f5 $5 18. Nf3 f4 19. gxf4 Bxc3 {[%mdl 64] Remove Defender} 20. bxc3 Rxe4 $15) 18. Ra3 a6 19. Nf3 Rac8 20. Kh2 (20. g4 $5 Nf6 $8 21. Ne1 $11) 20... Nc5 21. Nd4 Nf6 22. Qc2 (22. f3 $11) 22... h5 (22... Qd8 $5) 23. f3 {[%emt 0:05:26] [#]} h4 24. g4 Nh7 25. f4 (25. Kh1 $5) 25... Nd3 26. Nf3 Nf6 27. Nd2 {[%emt 0:04:26] [#]} (27. Nxh4 Qd8 28. Nf3 Nxe4 $17) (27. Qd2 $1 $11) 27... Bxg4 $1 {[%emt 0:00:02][%mdl 512] Black has more active pieces. The white rooks are badly placed.} 28. hxg4 Nxg4+ 29. Kh1 Nxe3 30. Rxe3 Nxf4 {[%emt 0:04:17] White is weak on the dark squares} 31. Bf1 ({Only move:} 31. Rf3 $1 $15 Nxg2 32. Kxg2) 31... Qc5 (31... Nh5 $17 32. Bh3 (32. Bxc4 $2 Qd8 $17) (32. Nxc4 Qc5 $17) 32... Rc7) 32. Rf3 $1 $15 Nh5 {[%emt 0:00:34][%mdl 1024] ...Ng3+ would be deadly. Black has compensation. Dancing on a razor blade.} 33. Bh3 Rc7 {Black continues to play with concentration.} 34. a5 (34. Nf1 $142) 34... Ng3+ $17 35. Kg2 Qd4 36. Ra4 Bh6 37. Ncb1 (37. Rxg3 {might work better.} hxg3 38. Nf3) 37... Ne2 38. Rf2 $2 (38. Kf1 {was the only defense.} Ng3+ 39. Kg2 Nxe4 40. Rxc4 Nxd2 41. Rxd4 Re2+ 42. Kh1 Rxc2 43. Nxd2 Bxd2 44. Bf1) 38... Nf4+ 39. Rxf4 Bxf4 40. Rxc4 $2 (40. Nf3 Qxe4 41. Qxe4 Rxe4 42. Nc3) 40... Rxc4 $19 41. Qxc4 Qxb2 42. Qd3 Re5 43. Kf3 Bg3 (43... Bh6 $142 44. Bg2 Rg5) 44. Qc3 Qa2 (44... Qb5 45. Na3 Qa4 46. Nac4) 45. Qc8+ Kg7 46. Qxb7 Qc2 $40 {[%emt 0:01:36][%mdl 128] Black wants a kill.} (46... Qxa5 47. Be6 Kh6 48. Qxf7 $11) 47. Qb3 {[%emt 0:02:41] Prevents Qd3+} (47. Qxa6 Re8 48. Bf1) 47... Qc1 ({Inferior is} 47... Qc5 48. Qe3 $17) 48. Qd3 $2 (48. Qe3) 48... Qg1 {[%emt 0:00:09] ( -> ...Qf2+)} 49. Qf1 {[%emt 0:00:29] Prevents Qf2+} Qc5 50. Nc4 $2 (50. Qe2) 50... Rg5 {[%emt 0:00:57][%cal Og3f4] aiming for ...Bf4!} 51. Nbd2 Be5 ({Avoid the trap} 51... Qd4 $2 52. Ke2 $19) 52. Ke2 Rg3 53. Bd7 Qd4 54. Be8 Bf6 {[%emt 0:00:24] ...h3 is the strong threat.} 55. Bd7 Rc3 56. Kd1 Rd3 57. Ke2 Bg5 58. Qf2 Qc3 (58... Bxd2 $2 {is the wrong capture.} 59. Qxd4+ Rxd4 60. Nxd2 $19) 59. e5 dxe5 60. Ne4 Qxc4 61. Nd6 Rd2+ {[%emt 0:00:13] An entertaining game by Tran.   Weighted Error Value: White=1.04/Black=0.39} 0-1

[Event "SixDays Budapest March GM-B 2023"]
[Site "Budapest"]
[Date "2023.03.25"]
[Round "3.4"]
[White "Varga, Csaba Zoltan"]
[Black "Joshua, A P"]
[Result "0-1"]
[ECO "A00"]
[WhiteElo "2278"]
[BlackElo "2300"]
[Annotator "TA"]
[PlyCount "28"]
[EventDate "2023.03.24"]
[EventType "tourn"]
[EventCountry "HUN"]
[SourceTitle "playchess.com"]
[Source "ChessBase"]
[SourceQuality "1"]
[TimeControl "5400+30"]

1. c3 d5 2. h4 e5 3. d4 e4 {[%emt 0:00:27] [#]} 4. Bg5 $146 ({Predecessor:} 4. Bf4 Nf6 5. Qb3 Bd6 6. Bg5 c6 7. Na3 h6 8. Be3 a5 9. Nh3 O-O 10. Bf4 {0-1 Rajin,M (1995)-Zegarac,V (2233) Vojvodina-chT 2016 (4.4)}) 4... Ne7 5. c4 h6 6. Bf4 {[%emt 0:01:35] A00: Irregular Openings.} (6. Bxe7 $11 {remains equal.} Bxe7 7. cxd5) 6... dxc4 $17 7. Qa4+ (7. e3 $17) 7... Nbc6 $19 8. Nc3 {[%emt 0:01:40] [#] Black is clearly better.} Nd5 $1 ({Resist} 8... Qxd4 9. Rd1 Qb6 10. Nb5 $16 (10. Nxe4 $2 {too greedy.} Qxb2 11. Qxc4 Ng6 $19) (10. Nxe4 $2 Qxb2 11. Qxc4 Ng6 $19)) 9. Nxd5 (9. e3 $142) 9... Qxd5 10. O-O-O $2 (10. e3 b5 11. Qd1) 10... e3 {[%emt 0:05:59] Threatens to win with ...b5.} 11. Bxe3 (11. Rh3 $142 exf2 12. Re3+ Kd8 13. Nh3) 11... b5 {[%emt 0:00:25] Black is clearly winning.} 12. Qc2 Bf5 13. Rd3 Nb4 {[%emt 0:01:05][%mdl 64] [#] Pin, Double Attack} (13... Bxd3 $2 {loses.} 14. exd3 cxd3 15. Qxd3 $19) 14. Qc3 Nxa2+ {[%emt 0:00:15] Weighted Error Value: White=1.75/Black=0.36} 0-1

[Event "SixDays Budapest March GM-B 2023"]
[Site "Budapest"]
[Date "2023.03.25"]
[Round "3.5"]
[White "Pribelszky, Bence"]
[Black "Royal, Shreyas"]
[Result "0-1"]
[ECO "A06"]
[WhiteElo "2380"]
[BlackElo "2452"]
[Annotator "TA"]
[PlyCount "62"]
[EventDate "2023.03.24"]
[EventType "tourn"]
[EventCountry "HUN"]
[SourceTitle "playchess.com"]
[Source "ChessBase"]
[SourceQuality "1"]
[TimeControl "5400+30"]

1. Nf3 d5 2. g3 Bg4 3. Bg2 c6 4. O-O Nd7 5. d3 e5 6. e4 dxe4 7. dxe4 Ngf6 8. Nbd2 Bc5 9. h3 Bh5 10. Qe1 O-O 11. Nc4 Re8 {[%emt 0:00:10] A07: Réti Opening: New York and Capablanca Systems.} 12. a4 b5 13. Na5 Qc7 {[%emt 0:00:06] The position is equal.} 14. Nb3 a6 15. Nh4 Bb6 16. a5 Ba7 17. Be3 Rab8 {[%emt 0:06:58] [#]} 18. Nd2 $146 ({Predecessor:} 18. Bxa7 Qxa7 19. Nc1 Qc7 20. Qe3 c5 {½-½ Bocheva,M (2298)-Gavrijski,D (2234) BUL-chT22 email 2020 [4]}) 18... Nf8 19. f4 exf4 20. gxf4 Rbd8 (20... Bg6 $15 {feels stronger.}) 21. Ra3 (21. Bxa7 $11 Qxa7+ 22. Qf2 Qxf2+ 23. Rxf2) 21... Ne6 $17 {[%emt 0:03:13] Black has more active pieces.} 22. e5 {[%emt 0:04:32] [#] White does not recover from this.} (22. Qf2 $17 Nxf4 23. Qxf4 Qxf4 24. Rxf4) 22... Nxf4 $1 $19 {[%emt 0:02:24][%mdl 64] Remove Defender, Decoy} 23. Rxf4 (23. Bxa7 $142 Qxa7+ 24. Qf2 Qxf2+ 25. Rxf2 Nxg2 26. Nxg2 Rxe5 27. Nf4) 23... Qxe5 ({Not} 23... Rxe5 24. Qf2 Rxe3 25. Rxe3 $14) 24. Re4 Nxe4 25. Nxe4 (25. Bxe4 Bb8 26. Qf2 Rxd2 {[%mdl 64] Remove Defender} 27. Qxd2 Qxe4 28. Ng2) 25... Rd1 {[%emt 0:00:05][%mdl 64] Deflection. Black is clearly winning.} 26. Qxd1 Bxe3+ 27. Rxe3 Bxd1 28. Nf6+ gxf6 29. Rxe5 fxe5 30. Bxc6 Rc8 31. Bb7 Rxc2 {[%emt 0:00:09] Weighted Error Value: White=0.63/Black=0.07 (flawless)} 0-1

[Event "SixDays Budapest March GM-B 2023"]
[Site "Budapest"]
[Date "2023.03.26"]
[Round "4.1"]
[White "Vantika Agrawal"]
[Black "Royal, Shreyas"]
[Result "1-0"]
[ECO "E10"]
[WhiteElo "2367"]
[BlackElo "2452"]
[Annotator "TA"]
[PlyCount "119"]
[EventDate "2023.03.24"]
[EventType "tourn"]
[EventCountry "HUN"]
[SourceTitle "playchess.com"]
[Source "ChessBase"]
[SourceQuality "1"]
[TimeControl "5400+30"]

1. d4 Nf6 2. c4 e6 3. Nf3 d5 4. g3 Bb4+ 5. Bd2 Be7 6. Bg2 O-O 7. O-O Nbd7 8. b4 {[%emt 0:01:55] [#] E11: Bogo-Indian.} Nb6 $146 ({Predecessor:} 8... c6 9. a4 b6 10. Qb3 a5 11. cxd5 exd5 12. Rc1 axb4 13. Rxc6 Ba6 14. Bxb4 Bxe2 15. Nc3 Bc4 {1-0 Le,Q (2728)-Fedoseev,V (2674) Chessable Masters Play In rapid 2023 (7)}) 9. c5 Nc4 10. Bf4 {[%emt 0:01:05] White has an edge.} a5 11. b5 b6 12. c6 a4 13. Nc3 (13. Ne5 $14 {was preferrable.}) 13... Ra5 (13... Ne4 $11 14. Nxe4 (14. Nxa4 f6 $15) 14... dxe4) 14. Qd3 (14. Nxa4 Ne4 $15) (14. Ne5 $1 $14) 14... Bb4 $11 15. Rab1 ({White should try} 15. Ne5 $11) 15... Bxc3 $1 $15 16. Qxc3 Ne4 {[%emt 0:00:04] Excellent horsemanship.} 17. Qd3 h6 (17... Ned6 $1 $15) 18. Nd2 (18. Rb4 $5 ) 18... Ned6 19. Rfc1 $36 {[%emt 0:07:57][%cal Rd2c4,Bf1c1,Bc1c4,Bc4a4,Ba4a3][%mdl 2080] White fights for an advantage.} Re8 (19... g5 $11 {keeps the balance.} 20. Bxd6 Nxd6) 20. Rb4 {[%emt 0:07:01][%cal Rd2c4] White is more active.} (20. Nxc4 {feels hotter.} dxc4 21. Rxc4 Nxc4 22. Qxc4 e5 23. Bxe5 Be6 24. Qc2) 20... Rxb5 $2 {[%emt 0:31:03] Black cannot hold the game after this.} (20... Nxb5 $14 21. Nxc4 dxc4 22. Rcxc4 (22. Qxc4 Ba6 $14) 22... Ba6) 21. Rxb5 $18 (21. Rxa4 $2 {too greedy.} Nb2 22. Qa3 Nxa4 23. Qxa4 Ra5 $19) (21. Bxd6 Nxd6 22. Rxa4 (22. Rxb5 Ba6 $15 {[%mdl 64] Pin}) 22... Qe7 $14) 21... Nxb5 22. Nxc4 dxc4 23. Rxc4 a3 24. Ra4 Nd6 25. Rxa3 Qe7 26. Ra7 Rd8 (26... f6 $142 27. Bc1 e5 28. dxe5 {[%mdl 64] Discovered Attack} fxe5) 27. h4 Ne8 28. Qc3 g5 29. hxg5 hxg5 30. Bc1 Qf6 31. Qe3 {[%emt 0:01:36] [#] And now Ra8 would win.} e5 $2 (31... Rxd4 32. Ra8 (32. Qxg5+ Qxg5 33. Bxg5 f6 $18) 32... Rd8) 32. d5 ({Worse is} 32. dxe5 Rd1+ 33. Bf1 Qxc6 34. Qxg5+ Ng7 $17) ({Weaker is} 32. Qxe5 Qxe5 33. dxe5 Rd1+ 34. Kh2 Rxc1 $16) 32... g4 (32... Bf5 $142 33. Bb2 Rc8 34. Qxe5 Qxe5 35. Bxe5 f6) 33. Qg5+ Qxg5 34. Bxg5 f6 35. Bd2 Be6 36. e4 Bf7 37. Bb4 Bg6 38. a4 Rb8 39. f3 gxf3 40. Bxf3 f5 41. exf5 Bxf5 42. g4 Bd3 43. g5 Bf5 44. Kf2 e4 45. Bg2 Rd8 46. Bf1 Kf7 (46... Rxd5 $142 47. Bc4 Be6) 47. Bc4 Kg6 48. Be7 Rc8 49. Ke3 Nd6 50. Bxd6 cxd6 {[%emt 0:00:04][%mdl 4096] Endgame KRB-KRB} 51. Rb7 Ra8 52. Bb5 Kxg5 53. Rxb6 Kf6 54. Kd4 {[%emt 0:00:47] [#] Hoping for c7.} Rh8 (54... e3 $142 55. c7 e2 56. Bxe2 Rxa4+ 57. Bc4 Ke7) 55. c7 Ke7 56. Rb8 Rc8 57. Rxc8 {[%emt 0:00:17] White mates.} Bxc8 58. Kxe4 Bb7 59. a5 Bc8 60. a6 {[%emt 0:00:07] Weighted Error Value: White=0.36/Black=0.55} 1-0

[Event "SixDays Budapest March GM-B 2023"]
[Site "Budapest"]
[Date "2023.03.26"]
[Round "4.2"]
[White "Joshua, A P"]
[Black "Pribelszky, Bence"]
[Result "0-1"]
[ECO "B48"]
[WhiteElo "2300"]
[BlackElo "2380"]
[Annotator "TA"]
[PlyCount "132"]
[EventDate "2023.03.24"]
[EventType "tourn"]
[EventCountry "HUN"]
[SourceTitle "playchess.com"]
[Source "ChessBase"]
[SourceQuality "1"]
[TimeControl "5400+30"]

1. e4 c5 2. Nf3 e6 3. d4 cxd4 4. Nxd4 Nc6 5. Nc3 Qc7 6. Be3 a6 7. g4 {[%emt 0:01:00] 7.g4 is the recent fashion. B48: Sicilian: Taimanov: 5 Nc3 Qc7 6 Be3 a6 without Be2.} b5 8. Nxc6 Qxc6 9. Qd2 {[%emt 0:01:29] The position is equal.} Bc5 {[%emt 0:28:41] [#]} (9... b4 $11 10. Ne2 Qxe4) 10. Bg2 $146 ({Predecessor:} 10. Bxc5 Qxc5 11. O-O-O Ne7 12. f4 O-O 13. Bg2 Ra7 14. e5 Bb7 15. Bxb7 Rxb7 16. Kb1 {1-0 Predke,A (2690)-Perunovic,M (2567) FIDE World Cup Europe Hybrid Qual 2021 (2.1)}) 10... Bxe3 11. Qxe3 Ne7 12. Rg1 (12. Qd4 $5 ) 12... Bb7 13. e5 Qc7 14. Bxb7 Qxb7 15. Ne4 O-O 16. O-O-O {[%emt 0:01:42][%cal Oe4f6] Strongly threatening Nf6+!} Nd5 {[%emt 0:02:44] Wards off Nf6+} 17. Qd4 Qa7 (17... Qc7 {simplifies} 18. Rg3 f6 19. exf6 Nxf6 20. Nxf6+ Rxf6 21. Qxd7 Qxd7 22. Rxd7 Rxf2 23. Rc3 Rxh2 24. Rcc7 g6) 18. Qd2 (18. g5 $14) 18... Rac8 (18... Qc7 $15) 19. Nd6 (19. g5 {simplifies} Ne7 20. Qxd7 Qxd7 21. Rxd7 Ng6 22. Rd6) 19... Rc6 20. g5 b4 21. Rg3 Qc5 22. Qd3 {[%emt 0:19:24] Wards off Nc3} (22. Re1 $11) 22... Nf4 ({Stronger than} 22... Qxf2 23. Kb1) 23. Qe4 Qxf2 {[%emt 0:00:38] [#] Threatens to win with ...Ne2+.} 24. Kb1 Ng6 (24... Qxh2 $2 25. Rh1 Rxd6 26. Rgg1 $18) 25. b3 (25. Rg2 $17 Qb6 26. Nc4) 25... Qxh2 26. Rdg1 (26. Re3 {is a better defense.}) 26... Rc5 27. Nc4 Qf2 28. Rg4 Qf5 (28... Rd5 $19 29. Re1 Qf5) 29. Qe2 (29. Qd4 $17 {keeps fighting.} Rd5 30. Qe3) 29... Nxe5 $19 30. Nxe5 Rxe5 (30... Qxe5 $2 {too greedy.} 31. Qxe5 Rxe5 32. Rxb4) 31. Qh2 (31. Qxa6 $142 Re1+ {[%mdl 64] Deflection} 32. Rxe1 Qxg4 33. Qb5) 31... Rc5 32. R4g2 $2 (32. Rxb4 {was forced.} Rfc8 33. Rg2) 32... Rfc8 33. Rf2 Qg6 34. Rfg2 d5 35. Rd1 {[%emt 0:00:21] [#]} e5 $1 36. Rdd2 (36. Re1 e4) 36... d4 37. Qh3 Qe6 38. Qh4 Rc3 39. Rge2 Qf5 40. Rf2 Qg6 41. Qg4 h5 42. Qd7 R3c7 ({Weaker is} 42... Qxg5 43. Qxf7+ Kh7 44. Rf5 $11) 43. Qd5 Qxg5 44. Rg2 Qf5 45. Rdf2 Qe6 46. Qf3 g6 47. Qe4 Kg7 48. Rg5 Re7 49. Rfg2 Qc6 50. Qh4 Qf6 {[%emt 0:00:58][%cal Od4d3] ...d3! would be deadly.} 51. Rf2 Qe6 52. Rfg2 Rh8 53. Rxh5 Rxh5 54. Qxh5 {[%emt 0:00:07][%mdl 4096] Endgame KQR-KQR} Qd5 55. Qg5 Kf8 56. Rh2 {[%emt 0:00:12] Qf6 is the strong threat.} Ke8 57. Qg4 Re6 {[%emt 0:00:47] Hoping for ...e4.} 58. Qg5 {[%emt 0:00:24] Black must now prevent Rh8+.} Kd7 59. Rh8 {[%emt 0:02:20] And now Rd8+ would win.} Kc7 {[%emt 0:00:48] Dodges Rd8} 60. Qh6 $2 (60. Rf8 Qd7 61. Qh4) 60... d3 {[%emt 0:00:13] ( -> ...dxc2+)} 61. Qd2 dxc2+ 62. Qxc2+ Rc6 63. Qe2 Rc3 64. Kb2 Qd4 {[%emt 0:00:02] Black mates.} 65. Rh4 Rxb3+ 66. Kxb3 Qc3+ {[%emt 0:00:03] Weighted Error Value: White=0.54/Black=0.25 (precise)} 0-1

[Event "SixDays Budapest March GM-B 2023"]
[Site "Budapest"]
[Date "2023.03.26"]
[Round "4.3"]
[White "Tran, Thanh Tu"]
[Black "Varga, Csaba Zoltan"]
[Result "1/2-1/2"]
[ECO "D00"]
[WhiteElo "2402"]
[BlackElo "2278"]
[Annotator "TA"]
[PlyCount "70"]
[EventDate "2023.03.24"]
[EventType "tourn"]
[EventCountry "HUN"]
[SourceTitle "playchess.com"]
[Source "ChessBase"]
[SourceQuality "1"]
[TimeControl "5400+30"]

1. d4 d5 2. Nc3 Nf6 3. Bf4 c6 4. e3 Qb6 5. Rb1 g6 6. h3 {[%emt 0:00:58] D00: 1 d4 d5: Unusual lines.} Bg7 7. Nf3 O-O {[%emt 0:00:07] [#]} 8. b4 $146 {[%emt 0:03:24] White is slightly better.} ({Predecessor:} 8. Be2 c5 9. O-O cxd4 10. exd4 a6 11. Na4 Qd8 12. Nc5 Nbd7 13. Nd3 Ne4 14. c3 {1-0 Niemann,H (2680)-Jumabayev,R (2536) Dubai bin Rashid Cup Blitz 2021 (1)}) 8... Bf5 9. Bd3 Bxd3 10. cxd3 a5 {[%emt 0:02:53] [#]} 11. Qa4 (11. b5 $1 $16) 11... Qd8 (11... Nbd7 $14) 12. b5 $16 Nbd7 13. bxc6 bxc6 14. O-O (14. Qxc6 $2 Rc8 15. Qb5 Rxc3 $17) 14... c5 15. Rb7 {[%emt 0:05:09] White is much more active.} cxd4 16. exd4 (16. Qxd4 Ne4 17. Ne5 (17. Qxd5 Nec5 $15) 17... Ndc5 18. dxe4 Nxb7 $15) 16... Qc8 17. Rc7 Qa6 (17... Qd8 $16 {keeps fighting.}) 18. Rxd7 $18 Nxd7 19. Qxd7 e6 20. Ne5 (20. a4 $18) 20... a4 21. Rb1 (21. Nb5 $142) 21... Qc8 {[%emt 0:05:06] [#] Inhibits Nc6. Threatens to win with ...Bxe5.} 22. Nb5 {[%emt 0:07:19] aiming for Nd6.} (22. Nxa4 $2 Bxe5 23. Qxc8 Rfxc8 24. dxe5 Rxa4 $19) 22... a3 $2 (22... Bxe5 $16 23. Qxc8 Rfxc8 24. Bxe5 (24. dxe5 Rab8 $15) 24... Rc6) 23. Qe7 Qc2 24. Rc1 (24. Nxa3 Rxa3 25. Rc1 Qxa2 26. Nxf7 Rxf7 $11) 24... Qxa2 (24... Qb2) 25. Nd6 Qb2 26. Nexf7 a2 27. Qxe6 (27. Nh6+ $142 Bxh6 28. Qxe6+ Kh8 29. Be5+ Bg7 30. Bxg7+ Kxg7 31. Rc7+ {[%mdl 64] Skewer} Rf7 32. Qxf7+ Kh6 33. Qf4+ g5 34. Qf6+ {[%mdl 64] Deflection} Kh5 35. Rxh7#) 27... h6 28. Rc7 ({Weaker is} 28. Nxh6+ Kh7 29. Nhf7 Rxf7 30. Nxf7 Qxc1+ 31. Bxc1 a1=Q 32. Ng5+ Kh8 $16) 28... a1=Q+ 29. Kh2 Qxd4 30. Be5 $2 (30. Ne5+ {mates} Kh8 31. Nxg6+ Kh7 32. Be5 (32. Nxf8+ Rxf8 33. Qxh6+ Kg8 $11) 32... Qda7 33. Nb7 (33. Rxa7 Qxa7 34. Nxf8+ Rxf8 $16) 33... Qg1+ {[%mdl 64] Decoy} 34. Kxg1 Qxf2+ 35. Kh2) 30... Qxf2 $1 $11 {[%emt 0:02:35][%csl Gf2][%cal Ra1g1] The position is equal.} 31. Nxh6+ Kh8 32. Bxg7+ Qxg7 33. Nhf7+ Kg8 34. Ng5+ Kh8 {[%emt 0:00:14] ( -> ...Qf4+)} 35. Ngf7+ {[%emt 0:00:05] A dynamic duo of knights.} (35. Rxg7 {is a self mate.} Qf4+ 36. g3 Qf2+ 37. Kh1 Ra1+) 35... Kh7 {[%emt 0:00:21] Blacks defense is rewarded with a draw. An exciting game.   Weighted Error Value: White=0.49/Black=0.60} 1/2-1/2

[Event "SixDays Budapest March GM-B 2023"]
[Site "Budapest"]
[Date "2023.03.26"]
[Round "4.4"]
[White "Priasmoro, Novendra"]
[Black "Moksh Amit Doshi"]
[Result "1-0"]
[ECO "C91"]
[WhiteElo "2521"]
[BlackElo "2388"]
[Annotator "TA"]
[PlyCount "91"]
[EventDate "2023.03.24"]
[EventType "tourn"]
[EventCountry "HUN"]
[SourceTitle "playchess.com"]
[Source "ChessBase"]
[SourceQuality "1"]
[TimeControl "5400+30"]

1. e4 e5 2. Nf3 Nc6 3. Bb5 a6 4. Ba4 Nf6 5. O-O Be7 6. Re1 b5 7. Bb3 O-O 8. d4 d6 9. c3 Bg4 10. d5 Na5 11. Bc2 c6 12. h3 Bc8 13. dxc6 Qc7 14. Bg5 {[%emt 0:00:16] C91: Closed Ruy Lopez: 7...d6 8 c3 0-0 9 d4.} Nc4 15. b3 Nb6 16. Qd3 {[%emt 0:01:13] The position is equal.} Qxc6 17. Nbd2 Be6 18. Rac1 (18. Nd4 {seems wilder.} exd4 19. e5 Qxc3 20. exf6 Qxd3 21. Bxd3 gxf6 22. Bh4) 18... Rfc8 {[%emt 0:07:18] [#]} 19. Qe3 $146 ({Predecessor:} 19. Bb1 a5 20. Qe2 Nbd7 21. Bd3 Rab8 22. c4 b4 23. Nf1 h6 24. Bd2 Nc5 25. Bc2 {0-1 Maynard,F (2205)-Godena,M (2430) Olympiad-28 Thessaloniki 1988 (5)}) 19... h6 20. Bxf6 Bxf6 21. Bd3 Nd7 22. c4 b4 23. Bc2 a5 24. Nf1 $1 Bd8 (24... a4 $5) 25. Qd2 Bb6 26. Rcd1 Ra6 27. Ne3 Bxe3 28. Rxe3 Qc5 (28... Nf6 $11) 29. Nh4 $14 Nf6 30. Nf5 Bxf5 31. exf5 Rd8 32. g4 Rd7 (32... d5 $14) 33. Qe2 $18 Qc7 {[%emt 0:04:34] [#]} (33... d5 $142) 34. h4 $1 {[%emt 0:00:37] Black is weak on the light squares} Qd8 35. g5 Nh7 36. f4 f6 (36... Ra8 $142) 37. g6 Nf8 {[%emt 0:00:09] [#]} 38. Be4 $1 {[%emt 0:03:14][%cal Oc4c5] aiming for c5!} Qb6 39. Kh2 {[%emt 0:00:32] Threatens to win with fxe5.} Rd8 $2 (39... Raa7 40. Red3 a4 41. fxe5 dxe5 42. bxa4 Qc7 43. Rxd7 Nxd7) 40. fxe5 fxe5 {[%emt 0:00:19] [#]} 41. f6 $1 Ra7 (41... d5 42. Bxd5+) 42. f7+ Kh8 43. Rg3 {[%emt 0:04:26] Qd2 would be deadly.} a4 (43... Ne6 $142 44. Rf1 Rf8) 44. Rf1 {[%emt 0:02:04] Qh5 would kill now.} axb3 45. Qh5 Rxa2+ 46. Kh3 {[%emt 0:00:11] Weighted Error Value: White=0.13 (very precise) /Black=0.56} 1-0

[Event "SixDays Budapest March GM-B 2023"]
[Site "Budapest"]
[Date "2023.03.26"]
[Round "4.5"]
[White "Swayams, Mishra"]
[Black "Ilincic, Zlatko"]
[Result "1-0"]
[ECO "C42"]
[WhiteElo "2489"]
[BlackElo "2302"]
[Annotator "TA"]
[PlyCount "133"]
[EventDate "2023.03.24"]
[EventType "tourn"]
[EventCountry "HUN"]
[SourceTitle "playchess.com"]
[Source "ChessBase"]
[SourceQuality "1"]
[TimeControl "5400+30"]

1. e4 e5 2. Nf3 Nf6 3. Nxe5 d6 4. Nf3 Nxe4 5. d4 d5 6. Bd3 Nf6 7. O-O Be7 8. c4 O-O 9. Nc3 dxc4 10. Bxc4 Nbd7 11. Bb3 {[%emt 0:02:01] C42: Petroff Defence: 3 Nxe5 and unusual White 3rd moves.} c6 12. Be3 Nb6 13. Ne5 {[%emt 0:00:03] [#] The position is equal.} Nfd5 $146 ({Predecessor:} 13... Nbd5 14. Bg5 Be6 15. Bc2 h6 16. Bh4 Re8 17. a3 Nf4 18. Qd2 N6d5 19. Bg3 Bg5 20. Qd1 Bf6 21. Nxd5 Nxd5 {0-1 Keser,M (1855)-Diri,R (1917) Troya op 23rd 2015 (3)}) 14. Qf3 f6 (14... a5 $11) 15. Nd3 $1 $14 Be6 16. Nc5 Qc8 17. Qe4 Kf7 (17... Bxc5 $14 18. dxc5 Re8) 18. Nxe6 ({Don't take} 18. Qxh7 Rh8 19. Qe4 Bxc5 20. dxc5 Nxc3 21. bxc3 Bxb3 22. axb3 Nd5 $16) (18. Rfe1 $18 Re8 19. Nxe6 (19. Qxh7 Rh8 $18) 19... Qxe6 20. Qxh7) 18... Qxe6 $16 19. Qxh7 Rh8 20. Qe4 Bd6 21. h3 Rae8 {[%emt 0:02:35] [#]} (21... a5 $16) 22. Qxe6+ (22. Qf3 $1 $18 {is the precise move to win.}) 22... Rxe6 ({Better is} 22... Kxe6 23. Ne4 Kd7 24. Nxd6 Kxd6) 23. Rfe1 Rh4 24. Re2 Re7 25. f3 Bg3 26. Ne4 Rhxe4 27. fxe4 Rxe4 28. Kf1 Kf8 29. Bf2 Rf4 30. Rae1 {[%emt 0:02:14] Black must now prevent Re8+.} Bxf2 31. Rxf2 Rxd4 32. Rfe2 {[%emt 0:00:17] Re8+ would be deadly.} Nc4 33. Bxc4 Rxc4 $18 {[%emt 0:00:06][%mdl 4096] Endgame KRR-KRN} 34. b3 Rb4 35. Re4 ({White should play} 35. Re8+ $18 Kf7 36. Rd8) 35... Rb5 36. Re8+ Kf7 37. Rd8 Nb6 38. Re4 a5 39. Kf2 f5 40. Rh4 Ke7 41. Rhh8 {[%emt 0:00:41] Rde8+ is the strong threat. White is more active.} a4 $2 (41... Nd7 $16 42. Rdg8 Kf7) 42. Rde8+ Kd6 43. Rhg8 axb3 44. axb3 (44. Rxg7 bxa2 45. Re1 Rb1 46. Rxb7 Rxe1 47. Kxe1 a1=Q+ $19) 44... Rxb3 45. Rxg7 Nd5 46. h4 Nf4 47. g3 Nd3+ 48. Ke2 Ne5 49. h5 Ng4 50. Rf8 Ke6 51. Rg6+ Ke5 52. Re8+ Kd4 {[%emt 0:01:07] [#]} 53. Rd8+ $1 ({Less strong is} 53. h6 Rb2+ 54. Kf1 Nh2+ 55. Ke1 Nf3+ 56. Kd1 Rd2+ 57. Kc1 Rh2 $16) 53... Ke5 $2 (53... Kc4 54. h6 Rb2+ 55. Rd2 Rb1) 54. h6 Nxh6 55. Rxh6 Rxg3 56. Rh7 Rb3 57. Re7+ Kf4 58. Rd4+ Kg5 59. Rc7 f4 60. Rf7 Rb2+ 61. Kd3 (61. Ke1 $142 Rb1+ 62. Kd2 Rb2+ 63. Kd3 Rf2 64. Ke4 Re2+ 65. Kf3 Re3+ 66. Kf2) 61... Rb3+ 62. Kc2 Rf3 63. Rxb7 {[%emt 0:00:36] Threatening mate with Rf7.} Rf1 64. Rf7 {[%emt 0:00:54] White mates.} Kg4 65. Kd2 Kg3 66. Rg7+ Kf3 {[%emt 0:00:24] [#]} 67. Rxf4+ $3 {[%emt 0:00:10][%mdl 512] Weighted Error Value: White=0.13 (very precise) /Black=0.36} 1-0